 Dungeon Crawl Stone Soup version 0.24.0-37-gcf1ca852f1 (webtiles) character file.

Game seed: 12572891521583620025, levelgen mode: deterministic

154 PentaManta the Skirmisher (level 5, -8/42 HPs)
             Began as a Formicid Abyssal Knight on Dec 6, 2019.
             Was a Believer of Lugonu.
             Killed by divine providence
             ... invoked by an orc priest
              (9 damage)
             ... on level 4 of the Dungeon.
             The game lasted 00:08:06 (3911 turns).

PentaManta the Skirmisher (Formicid Abyssal Knight) Turns: 3911, Time: 00:08:07

Health: -8/42      AC:  6    Str: 17 (18) XL:     5   Next: 62%
Magic:  7/7        EV: 11    Int: 11      God:    Lugonu [**....]
Gold:   205        SH:  3    Dex:  8 (10) Spells: 4/4 levels left

rFire    . . .     SeeInvis +   a - +1 hand axe
rCold    . . .     Gourm    .   (no shield)
rNeg     . . .     Faith    .   p - +0 ring mail
rPois    .         Spirit   .   (helmet unavailable)
rElec    .         Reflect  +   e - +0 cloak
rCorr    .         Harm     .   (no gloves)
MR       .....                  (no boots)
Stlth    +.........             b - +3 amulet of reflection
HPRegen  0.14/turn              q - ring of stealth
MPRegen  0.10/turn              (no ring)

@: no status effects
A: permanent stasis, dig shafts and tunnels, four strong arms, antennae 3
a: Dig, Shaft Self, Depart the Abyss, Bend Space, Renounce Religion


You were on level 4 of the Dungeon.
You worshipped Lugonu.
Lugonu was pleased with you.
You were very hungry.

You visited 1 branch of the dungeon, and saw 4 of its levels.
You visited the Abyss 1 time.

You collected 205 gold pieces.

Inventory:

Hand Weapons
 a - a +1 hand axe (weapon)
 n - a +0 dagger of venom
Armour
 e - a +0 cloak (worn)
 p - a +0 ring mail (worn)
Jewellery
 b - a +3 amulet of reflection (around neck)
 q - a ring of stealth (left hand)
 r - an uncursed amulet of regeneration {unknown}
 s - a cursed ring of teleportation {unknown}
Wands
 w - a wand of polymorph (8)
Scrolls
 g - 4 scrolls of teleportation {unknown}
 j - 3 scrolls of remove curse {unknown}
 k - a scroll of blinking {unknown}
 l - a scroll of immolation {unknown}
 m - a scroll of fear {unknown}
 o - a scroll of fog {unknown}
 y - 2 scrolls of identify
Potions
 d - a potion of berserk rage
 f - 3 potions of resistance
 h - 2 potions of curing
 i - a potion of brilliance
 t - a potion of agility {unknown}
 u - a potion of might {unknown}
 v - 2 potions of mutation {unknown}
Comestibles
 c - 7 rations


   Skills:
 + Level 4.0 Fighting
 * Level 3.3 Axes
 + Level 3.1 Armour
 + Level 1.9 Dodging
 + Level 3.2 Invocations


You had 4 spell levels left.
You didn't know any spells.
Your spell library was empty.

Dungeon Overview and Level Annotations

Branches:
Dungeon (4/15)
 Temple: D:4-7

Altars:
Kikubaaqudgha
Makhleb
Qazlal
Ru
Trog
Uskayaw
The Shining One


Innate Abilities, Weirdness & Mutations

You cannot be hasted, slowed, berserked, paralysed or teleported.
You can dig through walls and to a lower floor.
Your four strong arms can wield two-handed weapons with a shield.
You have a pair of large antennae on your head. (SInv)


Message History

You barely miss the orc priest.
The orc priest is moderately wounded.
You closely miss the orc. You closely miss the hound. You hit the orc.
You kill the orc!
Lugonu accepts your kill. The orc hits you but does no damage.
The orc priest hits you with a +0 club.
* * * LOW HITPOINT WARNING * * *
The hound bites you but does no damage. The orc hits you but does no damage.
The hound bites you.
* * * LOW HITPOINT WARNING * * *
The orc priest completely misses you.
Are you sure you want to shaft yourself?
You are feeling very hungry.
The hound bites you.
* * * LOW HITPOINT WARNING * * *
The orc hits you.
* * * LOW HITPOINT WARNING * * *
The orc priest calls down the wrath of Beogh upon you.
Beogh smites you!
You die...

#... +... ....#
#.... ....#
##.... #########
....+
......##.......#
....# ..
....(..........#
....##..
......oh[......#
........
.....oo@.......#
........
########.......#
........
#.......#
....##..
#.......# ..###
+.......# .#8#
#.......# .#...
#.......#
.#_....
#.......# .#
..##. #.......#


You could see a hound, 2 orc priests and an orc.

Vanquished Creatures
  A worker ant (D:4)
  4 adders
  An adder skeleton (D:3)
  2 worms
  A dart slug (D:3)
  5 leopard geckos
  6 orcs
  4 giant cockroaches
  9 goblins
  9 hobgoblins
  2 jackals (D:3)
  13 bats
  5 frilled lizards
  7 kobolds
  2 rats
71 creatures vanquished.

Vanquished Creatures (others)
  A goblin (D:2)
1 creature vanquished.

Grand Total: 72 creatures vanquished

Notes
Turn   | Place    | Note
-------+----------+-------------------------------------------
     0 | Abyss:1  | PentaManta the Formicid Abyssal Knight began the quest for
                  | the Orb.
     0 | Abyss:1  | Reached XP level 1. HP: 18/18 MP: 2/2
    17 | D:1      | Escaped the Abyss
    94 | D:1      | Reached skill level 1 in Dodging
   212 | D:1      | Reached XP level 2. HP: 22/24 MP: 3/3
   597 | D:1      | Reached XP level 3. HP: 29/29 MP: 4/4
   679 | D:1      | Reached ** piety under Lugonu
  1755 | D:2      | Reached XP level 4. HP: 25/35 MP: 6/6
  2690 | D:3      | Found a stormy altar of Qazlal.
  2774 | D:3      | Found a hide-covered altar of Uskayaw.
  2776 | D:3      | Found a bloodstained altar of Trog.
  2776 | D:3      | Found a glowing golden altar of the Shining One.
  2779 | D:3      | Found a burning altar of Makhleb.
  2779 | D:3      | Found a sacrificial altar of Ru.
  3018 | D:3      | Reached XP level 5. HP: 35/42 MP: 7/7
  3411 | D:4      | Reached skill level 4 in Fighting
  3429 | D:4      | Found an ancient bone altar of Kikubaaqudgha.
  3468 | D:4      | Noticed an ogre
  3911 | D:4      | HP: 1/42 [orc (2)]
  3911 | D:4      | Killed from afar by an orc priest

Levels and vault maps discovered:
D:1:      dpeg_arrival_radiant, layout_basic
D:2:      layout_loops_corners, minmay_goblin_outpost
D:3:      layout_loops_cross, grunt_temple_overflow_open, first_ration
D:4:      minmay_angry_zag, layout_gridville,
          grunt_temple_overflow_magic_moments

Skill      XL: |  1  2  3  4  5 |
---------------+----------------+-----
Dodging        | 1 |  1.9
Axes           | 3 |  3.3
Invocations    | 3 |  3.2
Armour         | 3 |  3.1
Fighting       | 4 |  4.0

Action                   |  1- 3 |  4- 6 || total
-------------------------+-------+-------++-------
Melee: Hand axe          |   107 |   172 ||   279
Invok: Bend Space        |     1 |     2 ||     3
 Abil: Shaft Self        |       |     1 ||     1
  Use: Scroll            |     3 |     2 ||     5
       Potion            |     1 |     1 ||     2
 Stab: Sleeping          |       |     2 ||     2
       Distracted        |       |     1 ||     1
  Eat: Chunk             |     1 |     8 ||     9
Armor: Leather armour    |    51 |       ||    51
       Ring mail         |       |    70 ||    70
Dodge: Dodged            |    88 |   112 ||   200
Block: Other             |       |    24 ||    24
       Reflection        |       |     1 ||     1
